SAA
LANNISTER UNITED LIONHEARTS @ MYRTLE BEACH MERMEN
06/19/2019
 
TOP OF THE 1ST
Lannister United Lionhearts batting - Pitching for Myrtle Beach Mermen : RHP Leonard Hall
Pitching: RHP Leonard Hall
Batting: RHB Andrew Weeks 0-0: Fly out, F9 (Flyball, 9S)
Batting: RHB Jeffery Campbell 0-0: Called Strike
0-1: Ball
1-1: Ball
2-1: Swinging Strike
2-2: Foul Ball, location: 2F
2-2: Foul Ball, location: 2F
2-2: Strikes out looking
Batting: RHB Eric D'Angle 0-0: Swinging Strike
0-1: Ball
1-1: Ground out 5-3 (Groundball, 56S)
Top of the 1st over - 0 run(s), 0 hit(s), 0 error(s), 0 left on base; Lannister United 0 - Myrtle Beach 0
BOTTOM OF THE 1ST
Myrtle Beach Mermen batting - Pitching for Lannister United Lionhearts : RHP Eduardo Díaz
Pitching: RHP Eduardo Díaz
Batting: SHB Avery Little 0-0: Called Strike
0-1: Called Strike
0-2: Ball
1-2: Ball
2-2: Foul Ball, location: 2F
2-2: Foul Ball, location: 2F
2-2: Foul Ball, location: 2F
2-2: Ground out 4-3 (Groundball, 4M)
Batting: RHB José Caballero 0-0: Called Strike
0-1: Ball
1-1: Ball
2-1: Foul Ball, location: 2F
2-2: Ground out 4-3 (Groundball, 4)
Batting: SHB Orlando Deleón 0-0: Called Strike
0-1: Ball
1-1: Foul Ball, location: 2F
1-2: Ball
2-2: Ground out 4-3 (Groundball, 4M)
Bottom of the 1st over - 0 run(s), 0 hit(s), 0 error(s), 0 left on base; Lannister United 0 - Myrtle Beach 0
TOP OF THE 2ND
Lannister United Lionhearts batting - Pitching for Myrtle Beach Mermen : RHP Leonard Hall
Batting: LHB Jerry Wilson 0-0: Foul Ball, location: 2F
0-1: Ball
1-1: Foul Ball, location: 2F
1-2: Ground out 3-1 (Groundball, 34S)
Batting: RHB Ron Ward 0-0: Swinging Strike
0-1: Ball
1-1: Called Strike
1-2: Ball
2-2: Ball
3-2: Strikes out swinging
Batting: RHB Adrian Barr 0-0: Ball
1-0: Ball
2-0: Called Strike
2-1: Foul Ball, location: 2F
2-2: Ball
3-2: Strikes out swinging
Top of the 2nd over - 0 run(s), 0 hit(s), 0 error(s), 0 left on base; Lannister United 0 - Myrtle Beach 0
BOTTOM OF THE 2ND
Myrtle Beach Mermen batting - Pitching for Lannister United Lionhearts : RHP Eduardo Díaz
Batting: LHB Yannick Hendriksen 0-0: Ball
1-0: Called Strike
1-1: Swinging Strike
1-2: Strikes out swinging passed ball, reaches first!
Batting: RHB Sal Haynes 0-0: Ball
1-0: Ball
2-0: Ball
3-0: Called Strike
3-1: Called Strike
3-2: SINGLE (Flyball, 89S)
Yannick Hendriksen to second
Runner from 2nd tries for 3rd, SAFE, throw made to third
Batting: RHB Javier Robles 0-0: Swinging Strike
0-1: Fly out, F7 (Line Drive, 78M)
Runner from 3rd tags up, SCORES, throw made
Batting: RHB Edward Payne 0-0: Ball
Wild Pitch!
Sal Haynes to second
1-0: Called Strike
1-1: Ball
2-1: Ball
3-1: Foul Ball, location: 2F
3-2: Foul Ball, location: 2F
3-2: Foul Ball, location: 2F
3-2: Foul Ball, location: 2F
3-2: Foul Ball, location: 2F
3-2: Base on Balls
Batting: RHB Scott Peterson 0-0: Ball
1-0: Swinging Strike
1-1: Swinging Strike
1-2: Foul Ball, location: 2F
1-2: Ball
2-2: Ball
3-2: Foul Ball, location: 2F
3-2: Base on Balls
Sal Haynes to third
Edward Payne to second
Batting: RHB Brian Soto 0-0: Fly out, F7 (Flyball, 78M)
Batting: SHB Avery Little 0-0: Ball
1-0: SINGLE (Groundball, 34D)
Sal Haynes scores
Edward Payne to third
Scott Peterson to second
Runner from 3rd tries for Home, throw and OUT!
Bottom of the 2nd over - 2 run(s), 2 hit(s), 0 error(s), 2 left on base; Lannister United 0 - Myrtle Beach 2
TOP OF THE 3RD
Lannister United Lionhearts batting - Pitching for Myrtle Beach Mermen : RHP Leonard Hall
Batting: RHB Bob Sargent 0-0: Called Strike
0-1: Ball
1-1: Ball
2-1: Ball
3-1: SINGLE (Line Drive, 8LS)
Batting: RHB Thomas Vaughan 0-0: Called Strike
0-1: Foul Ball, location: 2F
0-2: Foul Ball, location: 2F
0-2: Strikes out looking
Batting: RHB Michael Hicks 0-0: Called Strike
0-1: Ball
1-1: Foul Ball, location: 2F
1-2: Foul Ball, location: 2F
1-2: Foul Ball, location: 2F
1-2: Ball
2-2: Foul Ball, location: 2F
2-2: Strikes out looking
Batting: RHB Andrew Weeks 0-0: Ball
1-0: Swinging Strike
1-1: Ball
2-1: Foul Ball, location: 2F
2-2: Ball
3-2: Foul Ball, location: 2F
3-2: Strikes out swinging
Top of the 3rd over - 0 run(s), 1 hit(s), 0 error(s), 1 left on base; Lannister United 0 - Myrtle Beach 2
BOTTOM OF THE 3RD
Myrtle Beach Mermen batting - Pitching for Lannister United Lionhearts : RHP Eduardo Díaz
Batting: RHB José Caballero 0-0: Ball
1-0: Foul Ball, location: 2F
1-1: Called Strike
1-2: Strikes out swinging
Batting: SHB Orlando Deleón 0-0: Ball
1-0: Foul Ball, location: 2F
1-1: Foul Ball, location: 2F
1-2: Ball
2-2: Ball
3-2: Strikes out swinging
Batting: LHB Yannick Hendriksen 0-0: Ball
1-0: Fly out, F6 (Line Drive, 6)
Bottom of the 3rd over - 0 run(s), 0 hit(s), 0 error(s), 0 left on base; Lannister United 0 - Myrtle Beach 2
TOP OF THE 4TH
Lannister United Lionhearts batting - Pitching for Myrtle Beach Mermen : RHP Leonard Hall
Batting: RHB Jeffery Campbell 0-0: Called Strike
0-1: Ball
1-1: Foul Ball, location: 2F
1-2: Foul Ball, location: 2F
1-2: Ball
2-2: Ground out 1-3 (Groundball, 23)
Batting: RHB Eric D'Angle 0-0: SINGLE (Line Drive, 8RS)
Batting: LHB Jerry Wilson 0-0: Swinging Strike
0-1: Ball
1-1: Fly out, F8 (Flyball, 8LXD)
Batting: RHB Ron Ward 0-0: Ball
1-0: Ball
2-0: Foul Ball, location: 2F
2-1: Ball
3-1: Called Strike
3-2: Fly out, F8 (Popup, 8LS)
Top of the 4th over - 0 run(s), 1 hit(s), 0 error(s), 1 left on base; Lannister United 0 - Myrtle Beach 2
BOTTOM OF THE 4TH
Myrtle Beach Mermen batting - Pitching for Lannister United Lionhearts : RHP Eduardo Díaz
Batting: RHB Sal Haynes 0-0: Ball
1-0: Ball
2-0: Swinging Strike
2-1: Swinging Strike
2-2: Strikes out swinging
Batting: RHB Javier Robles 0-0: Ball
1-0: Ball
2-0: Called Strike
2-1: Foul Ball, location: 2F
2-2: Foul Ball, location: 2F
2-2: Strikes out swinging
Batting: RHB Edward Payne 0-0: Ball
1-0: Ball
2-0: Foul Ball, location: 2F
2-1: Ball
3-1: Base on Balls
Pitching: RHP Mike Lane
Batting: RHB Scott Peterson 0-0: Ball
1-0: Called Strike
1-1: Ball
2-1: Ball
3-1: Foul Ball, location: 2F
3-2: SINGLE (Flyball, 9LS)
Edward Payne to second
Edward Payne to third
Batting: RHB Brian Soto 0-0: Ground out 5-3 (Groundball, 5S)
Bottom of the 4th over - 0 run(s), 1 hit(s), 0 error(s), 2 left on base; Lannister United 0 - Myrtle Beach 2
TOP OF THE 5TH
Lannister United Lionhearts batting - Pitching for Myrtle Beach Mermen : RHP Leonard Hall
Batting: RHB Adrian Barr 0-0: Called Strike
0-1: Called Strike
0-2: Ball
1-2: Foul Ball, location: 2F
1-2: Ball
2-2: Ball
3-2: Strikes out swinging
Batting: RHB Bob Sargent 0-0: Called Strike
0-1: Ball
1-1: Ball
2-1: Ball
3-1: Called Strike
3-2: Foul Ball, location: 2F
3-2: Foul Ball, location: 2F
3-2: Foul Ball, location: 2F
3-2: Base on Balls
Batting: RHB Thomas Vaughan 0-0: Ball
1-0: Foul Ball, location: 2F
1-1: Swinging Strike
1-2: Strikes out swinging
Batting: RHB Michael Hicks 0-0: Foul Ball, location: 2F
0-1: Foul Ball, location: 2F
0-2: Ball
1-2: 2-RUN HOME RUN (Flyball, 8LXD), Distance : 433 ft
Batting: RHB Andrew Weeks 0-0: SINGLE (Line Drive, 6MD)
Batting: RHB Jeffery Campbell 0-0: Ball
Andrew Weeks is caught stealing 2nd base
Top of the 5th over - 2 run(s), 2 hit(s), 0 error(s), 0 left on base; Lannister United 2 - Myrtle Beach 2
BOTTOM OF THE 5TH
Myrtle Beach Mermen batting - Pitching for Lannister United Lionhearts : RHP Mike Lane
Batting: SHB Avery Little 0-0: Called Strike
0-1: Fly out, F7 (Flyball, 7LSF)
Batting: RHB José Caballero 0-0: Ball
1-0: Fly out, F4 (Line Drive, 4)
Batting: SHB Orlando Deleón 0-0: Ball
1-0: Ball
2-0: Called Strike
2-1: Ball
3-1: Fly out, F5 (Popup, 5DF)
Bottom of the 5th over - 0 run(s), 0 hit(s), 0 error(s), 0 left on base; Lannister United 2 - Myrtle Beach 2
TOP OF THE 6TH
Lannister United Lionhearts batting - Pitching for Myrtle Beach Mermen : RHP Leonard Hall
Batting: RHB Jeffery Campbell 0-0: Ball
1-0: Ball
2-0: Ball
3-0: Called Strike
3-1: Foul Ball, location: 2F
3-2: Foul Ball, location: 2F
3-2: SINGLE (Flyball, 7S)
Batting: RHB Eric D'Angle 0-0: Called Strike
0-1: Called Strike
0-2: DOUBLE (Line Drive, 78M)
Jeffery Campbell to third
Pitching: LHP Russ Garman
Batting: LHB Jerry Wilson 0-0: Called Strike
0-1: Fly out, F4 (Line Drive, 4MD)
Batting: RHB Ron Ward 0-0: Ball
1-0: Foul Ball, location: 2F
1-1: Foul Ball, location: 2F
1-2: Foul Ball, location: 2F
1-2: Strikes out swinging
Batting: RHB Adrian Barr 0-0: Ground out U3 (Groundball, 3)
Top of the 6th over - 0 run(s), 2 hit(s), 0 error(s), 2 left on base; Lannister United 2 - Myrtle Beach 2
BOTTOM OF THE 6TH
Myrtle Beach Mermen batting - Pitching for Lannister United Lionhearts : RHP Mike Lane
Batting: LHB Yannick Hendriksen 0-0: Called Strike
0-1: Called Strike
0-2: Fly out, F7 (Flyball, 7M)
Batting: RHB Sal Haynes 0-0: Called Strike
0-1: Ball
1-1: Foul Ball, location: 2F
1-2: Foul Ball, location: 2F
1-2: Foul Ball, location: 2F
1-2: Ground out 4-3 (Groundball, 4)
Batting: RHB Javier Robles 0-0: Ground out 6-3 (Groundball, 6M)
Bottom of the 6th over - 0 run(s), 0 hit(s), 0 error(s), 0 left on base; Lannister United 2 - Myrtle Beach 2
TOP OF THE 7TH
Lannister United Lionhearts batting - Pitching for Myrtle Beach Mermen : LHP Russ Garman
Batting: RHB Bob Sargent 0-0: Called Strike
0-1: Ball
1-1: Ball
2-1: Called Strike
2-2: Foul Ball, location: 2F
2-2: Foul Ball, location: 2F
2-2: Ball
3-2: Foul Ball, location: 2F
3-2: Base on Balls
Batting: RHB Thomas Vaughan 0-0: Called Strike
0-1: Ball
1-1: Ball
2-1: Foul Ball, location: 2F
2-2: Strikes out swinging
Batting: RHB Michael Hicks 0-0: Foul Ball, location: 2F
0-1: Ball
1-1: Fly out, F6 (Popup, 6D)
Batting: RHB Andrew Weeks 0-0: Ball
1-0: Called Strike
1-1: Swinging Strike
1-2: Strikes out swinging
Top of the 7th over - 0 run(s), 0 hit(s), 0 error(s), 1 left on base; Lannister United 2 - Myrtle Beach 2
BOTTOM OF THE 7TH
Myrtle Beach Mermen batting - Pitching for Lannister United Lionhearts : RHP Mike Lane
Pitching: RHP Javier Fandez
Batting: RHB Edward Payne 0-0: Called Strike
0-1: Called Strike
0-2: Fly out, F3 (Popup, 3F)
Pinch Hitting: RHB Otso Tuulari 0-0: Ball
1-0: Ball
2-0: Called Strike
2-1: Fly out, F8 (Flyball, 8RM)
Pinch Hitting: RHB Mike Fleming 0-0: Called Strike
0-1: Foul Ball, location: 2F
0-2: Foul Ball, location: 2F
0-2: Foul Ball, location: 2F
0-2: SINGLE (Groundball, 6MD)
Batting: SHB Avery Little 0-0: Foul Ball, location: 2F
0-1: Foul Ball, location: 2F
0-2: Ball
1-2: Ball
2-2: Ball
3-2: Ground out 1-3 (Groundball, 13)
Bottom of the 7th over - 0 run(s), 1 hit(s), 0 error(s), 1 left on base; Lannister United 2 - Myrtle Beach 2
TOP OF THE 8TH
Lannister United Lionhearts batting - Pitching for Myrtle Beach Mermen : LHP Russ Garman
Pitching: LHP Jim Unknown
Now at 3B: Álex Rodríguez
Now in RF: Otso Tuulari
Batting: RHB Jeffery Campbell 0-0: Ball
1-0: SOLO HOME RUN (Flyball, 9D), Distance : 368 ft
Batting: RHB Eric D'Angle 0-0: Ball
1-0: Called Strike
1-1: Ball
2-1: Ground out 5-3 (Groundball, 56S)
Batting: LHB Jerry Wilson 0-0: Ball
1-0: Foul Ball, location: 2F
1-1: Called Strike
1-2: Strikes out looking
Batting: RHB Ron Ward 0-0: Swinging Strike
0-1: Foul Ball, location: 2F
0-2: Ball
1-2: Strikes out looking
Top of the 8th over - 1 run(s), 1 hit(s), 0 error(s), 0 left on base; Lannister United 3 - Myrtle Beach 2
BOTTOM OF THE 8TH
Myrtle Beach Mermen batting - Pitching for Lannister United Lionhearts : RHP Javier Fandez
Pitching: RHP Ed White
Batting: RHB José Caballero 0-0: Foul Ball, location: 2F
0-1: Ground out 5-3 (Groundball, 56S)
Batting: SHB Orlando Deleón 0-0: Called Strike
0-1: Ball
1-1: Called Strike
1-2: Ball
2-2: Strikes out swinging
Batting: LHB Yannick Hendriksen 0-0: Called Strike
0-1: Foul Ball, location: 2F
0-2: Strikes out swinging
Bottom of the 8th over - 0 run(s), 0 hit(s), 0 error(s), 0 left on base; Lannister United 3 - Myrtle Beach 2
TOP OF THE 9TH
Lannister United Lionhearts batting - Pitching for Myrtle Beach Mermen : LHP Jim Unknown
Pitching: RHP Kenny Ryan
Batting: RHB Adrian Barr 0-0: Ball
1-0: Foul Ball, location: 2F
1-1: Fly out, F9 (Line Drive, 9LM)
Batting: RHB Bob Sargent 0-0: Called Strike
0-1: Ball
1-1: Ball
2-1: Foul Ball, location: 2F
2-2: Ball
3-2: Base on Balls
Batting: RHB Thomas Vaughan 0-0: Ball
1-0: Called Strike
1-1: Called Strike
1-2: Grounds into double play, U6-3 (Groundball, 6M)
Top of the 9th over - 0 run(s), 0 hit(s), 0 error(s), 0 left on base; Lannister United 3 - Myrtle Beach 2
BOTTOM OF THE 9TH
Myrtle Beach Mermen batting - Pitching for Lannister United Lionhearts : RHP Ed White
Pitching: RHP Robert Preston
Pinch Hitting: LHB Eddie Flynn 0-0: Fly out, F7 (Flyball, 7LM)
Pinch Hitting: RHB Matt Fisher 0-0: Foul Ball, location: 2F
0-1: Ball
1-1: Swinging Strike
1-2: Strikes out looking
Pinch Hitting: SHB David Vázquez 0-0: Called Strike
0-1: Ball
1-1: SOLO HOME RUN (Line Drive, 89XD), Distance : 409 ft
Batting: RHB Otso Tuulari 0-0: Ball
1-0: Called Strike
1-1: Ground out 6-3 (Groundball, 6)
Bottom of the 9th over - 1 run(s), 1 hit(s), 0 error(s), 0 left on base; Lannister United 3 - Myrtle Beach 3
TOP OF THE 10TH
Lannister United Lionhearts batting - Pitching for Myrtle Beach Mermen : RHP Kenny Ryan
Now at C: David Vázquez
Now at 1B: Val Brown
Now in LF: Ryan Carr
Pinch Hitting: LHB Steve Riggs 0-0: Ball
1-0: Ball
2-0: Ball
3-0: Base on Balls
Batting: RHB Andrew Weeks 0-0: Sac Bunt - play at first, batter OUT! 1-4
Steve Riggs to second
Pinch Hitting: LHB John Cossey 0-0: Ball
1-0: Foul Ball, location: 2F
1-1: Ball
2-1: Called Strike
2-2: Ball
3-2: SINGLE (Line Drive, 89M)
Steve Riggs to third
Batting: RHB Eric D'Angle 0-0: SINGLE (Groundball, 56D)
Steve Riggs scores
John Cossey to second
Batting: LHB Jerry Wilson 0-0: Called Strike
0-1: Ball
1-1: Foul Ball, location: 2F
1-2: Fly out, F8 (Flyball, 8RM)
Batting: RHB Ron Ward 0-0: Foul Ball, location: 2F
0-1: Ball
1-1: Ball
2-1: SINGLE (Line Drive, 89M)
John Cossey to third
Eric D'Angle to second
Runner from 3rd tries for Home, SAFE, no throw or cutoff
Batting: RHB Adrian Barr 0-0: Foul Ball, location: 2F
0-1: Ball
1-1: Ball
2-1: Called Strike
2-2: Strikes out swinging
Top of the 10th over - 2 run(s), 3 hit(s), 0 error(s), 2 left on base; Lannister United 5 - Myrtle Beach 3
BOTTOM OF THE 10TH
Myrtle Beach Mermen batting - Pitching for Lannister United Lionhearts : RHP Robert Preston
Now at 2B: Jonathan Widdop
Now in RF: John Cossey
Batting: RHB Álex Rodríguez 0-0: Swinging Strike
0-1: Ball
1-1: Foul Ball, location: 2F
1-2: Strikes out swinging
Batting: SHB Avery Little 0-0: Ground out 6-3 (Groundball, 6M)
Batting: RHB José Caballero 0-0: Ball
1-0: Foul Ball, location: 2F
1-1: Foul Ball, location: 2F
1-2: Ball
2-2: Strikes out swinging
Bottom of the 10th over - 0 run(s), 0 hit(s), 0 error(s), 0 left on base; Lannister United 5 - Myrtle Beach 3
This league is powered by Out of the Park Baseball, the baseball management simulation game for PC, Mac and Linux
Saturday, July 25th, 2015 - OOTP Baseball 15.6 Build 34